 Dungeon Crawl Stone Soup version 0.27.1 (webtiles) character file.

Game seed: 5236495589576064547

374 nxtlvl the Ruffian (level 6, 0/59 HPs)
             Began as a Troll Abyssal Knight on Sept 5, 2021.
             Was a Believer of Lugonu.
             Slain by a gnoll sergeant (10 damage)
             ... on level 5 of the Dungeon.
             The game lasted 00:05:11 (619 turns).

nxtlvl the Ruffian (Troll Abyssal Knight)            Turns: 619, Time: 00:05:12

Health: 0/59       AC:  4    Str: 21    XL:     6   Next: 43%
Magic:  6/6        EV:  9    Int: 10    God:    Lugonu [**....]
Gold:   41         SH:  0    Dex:  9    Spells: 5/5 levels left

rFire    . . .     SeeInvis .     - Unarmed
rCold    . . .     Faith    .   (no shield)
rNeg     . . .     Spirit   .   a - +0 robe
rPois    .         Reflect  .   (helmet restricted)
rElec    .         Harm     .   (no cloak)
rCorr    .         Rampage  .   (gloves unavailable)
Will     .....                  (boots unavailable)
Stlth    +.........             (no amulet)
HPRegen  1.19/turn              (no ring)
MPRegen  0.10/turn              (no ring)

@: no status effects
A: large, unfitting armour, claws 3, regeneration 1, shaggy fur 1, tough skin 1
a: Renounce Religion, Depart the Abyss, Bend Space


You were on level 5 of the Dungeon.
You worshipped Lugonu.
Lugonu was pleased with you.
You visited 1 branch of the dungeon, and saw 5 of its levels.
You visited the Abyss 1 time.

You collected 41 gold pieces.

Inventory:

Missiles
 e - a throwing net
Armour
 a - a +0 robe (worn)
Wands
 f - a wand of iceblast (6)
Scrolls
 c - a scroll of identify {unknown}
 g - a scroll of teleportation {unknown}
 i - a scroll of enchant weapon {unknown}
Potions
 b - a potion of ambrosia {unknown}
 d - a potion of brilliance {unknown}
 h - a potion of curing {unknown}


   Skills:
 - Level 2.4 Fighting
 - Level 1.9 Dodging
 * Level 7.0 Unarmed Combat
 - Level 1.5 Invocations


You had 5 spell levels left.
You didn't know any spells.
Your spell library contained the following spells:

 Spells                   Type           Power      Damage    Failure   Level
 Dazzling Flash           Conj/Hex       0%         N/A       75%         3
 Stone Arrow              Conj/Erth      0%         3d7       75%         3
 Iskenderun's Mystic Bla  Conj/Tloc      0%         2d3       98%         4
 Summon Ice Beast         Ice/Summ       0%         N/A       98%         4
 Borgnjor's Vile Clutch   Necr/Erth      0%         N/A       100%        5
 Silence                  Hex/Air        0%         N/A       100%        5
 Simulacrum               Ice/Necr       0%         N/A       100%        6
 Starburst                Conj/Fire      0%         6d3       100%        6
 Shatter                  Erth           0%         3d5*      100%        9


Dungeon Overview and Level Annotations

Branches:
Dungeon (5/15)             Temple (0/1) D:5

Altars:


Innate Abilities, Weirdness & Mutations

You are too large for most types of armour.
You have claws for hands.
Your natural rate of healing is unusually fast.
You are covered in fur. (AC +1)
You have tough skin. (AC +1)


Message History

The gnoll is almost dead.
The gnoll hits you with a +0 club.
You barely miss the gnoll.
The gnoll is almost dead.
The gnoll hits you but does no damage.
The gnoll sergeant hits you from afar with a +0 spear.
You mangle the gnoll!!
You kill the gnoll!
Lugonu accepts your kill.
The gnoll sergeant hits you from afar with a +0 spear!
You mangle the gnoll!!
You kill the gnoll!
Lugonu accepts your kill.
The gnoll sergeant hits you from afar with a +0 spear!
You claw the gnoll!
You kill the gnoll!
Lugonu accepts your kill. The gnoll sergeant misses you.
Your Unarmed Combat skill increases to level 7!
The gnoll sergeant hits you with a +0 spear.
You claw the gnoll sergeant!
The gnoll sergeant is heavily wounded.
You barely miss the gnoll sergeant.
The gnoll sergeant is heavily wounded.
The gnoll sergeant hits you with a +0 spear.
You completely miss the gnoll sergeant.
The gnoll sergeant is heavily wounded.
The gnoll sergeant hits you with a +0 spear!
The gnoll sergeant blocks your attack.
The gnoll sergeant is heavily wounded.
The gnoll sergeant hits you with a +0 spear!
* * * LOW HITPOINT WARNING * * *
The gnoll sergeant blocks your attack.
The gnoll sergeant is heavily wounded.
The gnoll sergeant hits you with a +0 spear.
* * * LOW HITPOINT WARNING * * *
You scratch the gnoll sergeant.
The gnoll sergeant is heavily wounded.
The gnoll sergeant hits you with a +0 spear!
You die...

#............... #...g...
#.......[....# Z......##......
#............# ....... #....5g
#............# ....... .....g.
#####...##'##...# .g.............
...##...##.##..Z##.............g.
.........#.......#.......
.................#.......
###.....###.....@g......>
#≈≈≈≈≈≈≈≈≈#.....####.....
#≈#.....#≈#.+#### ###
.≈.......≈.. .≈.......≈...
.≈...>...≈.... .≈.......≈....
.≈.......≈..+ #≈#.....#≈#.


You could see a gnoll sergeant and a hound skeleton.

Vanquished Creatures
  A phantom (D:5)
  2 scorpions (D:4)
  2 iguanas
  6 gnolls
  3 adders (D:4)
  An ufetubus (D:5)
  4 orcs (D:4)
  2 bats
  2 endoplasms
  A giant cockroach (D:2)
  A hobgoblin (D:3)
  2 jackals (D:1)
  A quokka (D:3)
  A ball python (D:1)
  3 frilled lizards (D:1)
  5 goblins
  3 kobolds
40 creatures vanquished.

Notes
Turn   | Place    | Note
-------+----------+-------------------------------------------
     0 | Abyss:1  | nxtlvl the Troll Abyssal Knight began the quest for the
                  | Orb.
     0 | Abyss:1  | Reached XP level 1. HP: 22/22 MP: 1/1
    32 | D:1      | Escaped the Abyss
    91 | D:1      | Reached XP level 2. HP: 3/29 MP: 2/2
   114 | D:1      | You fall into a shaft and drop 1 floor!
   118 | D:2      | Found a faded altar of an unknown god.
   135 | D:2      | Got the Catalogue of Feathers and Snow
   166 | D:3      | Reached skill level 3 in Unarmed Combat
   201 | D:3      | Got Wastripry's Reference Book on Clay
   221 | D:4      | Noticed a scorpion
   230 | D:4      | Killed a scorpion
   231 | D:4      | Reached skill level 4 in Unarmed Combat
   231 | D:4      | Reached XP level 3. HP: 29/36 MP: 3/3
   231 | D:4      | Reached XP level 4. HP: 36/44 MP: 4/4
   251 | D:5      | Entered Level 5 of the Dungeon
   251 | D:5      | Noticed a gnoll sergeant
   265 | D:4      | Noticed a scorpion
   276 | D:4      | Killed a scorpion
   276 | D:4      | Reached ** piety under Lugonu
   277 | D:4      | Reached skill level 5 in Unarmed Combat
   277 | D:4      | Reached XP level 5. HP: 23/50 MP: 5/5
   441 | D:3      | Reached skill level 6 in Unarmed Combat
   556 | D:5      | Noticed a phantom
   565 | D:5      | Killed a phantom
   566 | D:5      | Reached XP level 6. HP: 57/59 MP: 6/6
   569 | D:5      | Found a staircase to the Ecumenical Temple.
   612 | D:5      | Reached skill level 7 in Unarmed Combat
   619 | D:5      | Slain by a gnoll sergeant

Illustrated notes

Levels and vault maps discovered:
D:1:      beargit_arrival_greenhouse, layout_loops_cross
D:2:      layout_loops_corners, chequers_ecumenical_altar_simple_redux,
          kennysheep_decorative_pillar, uniq_natasha
D:3:      layout_loops_ring, kennysheep_slug_shrine, old_standard_altar,
          hangedman_decor_opposing, uniq_sigmund
D:4:      layout_layer_cave
D:5:      layout_gridville, trog_hazing_becter, minmay_temple_entry_water_ring

Skill      XL: |  1  2  3  4  5  6 |
---------------+-------------------+-----
Unarmed Combat | 4 5 6 7 |  7.0
Fighting       | |  2.4
Dodging        | |  1.9
Invocations    | |  1.5

Action                   |  1- 3 |  4- 6 || total
-------------------------+-------+-------++-------
Melee: Unarmed           |    50 |    65 ||   115
       Punch             |       |     2 ||     2
 Stab: Sleeping          |     1 |       ||     1
Armor: Robe              |    29 |    20 ||    49
Dodge: Dodged            |    29 |    24 ||    53
